 Dungeon Crawl Stone Soup version 0.27-a0-54-g64bdb92e38 (webtiles) character file.

Game seed: 5793332448685126927

2674 Borgoz the Skirmisher (level 9, -1/79 HPs)
             Began as a Ghoul Monk on Jan 7, 2021.
             Splashed by an acid dragon's acid (11 damage)
             ... on level 7 of the Dungeon.
             The game lasted 00:07:39 (8147 turns).

Borgoz the Skirmisher (Ghoul Monk)                  Turns: 8147, Time: 00:07:39

Health: -1/79      AC: -8    Str: 17      XL:     9   Next: 63%
Magic:  8/8        EV: 14    Int:  4 (5)  God:
Gold:   351        SH:  0    Dex: 12      Spells: 8/8 levels left

rFire    . . .     SeeInvis .     - Unarmed
rCold    + . .     Faith    .   (no shield)
rNeg     + + +     Spirit   .   e - +0 ring mail
rPois    ∞         Reflect  .   (no helmet)
rElec    .         Harm     .   (no cloak)
rCorr    .         Rampage  .   (no gloves)
Will     .....                  r - +0 pair of boots
Stlth    ++........             (no amulet)
HPRegen  0.00/turn              (no ring)
MPRegen  0.11/turn              (no ring)

@: mighty, corroded
A: claws 1, cold resistance 1, negative energy resistance 3, inhibited
regeneration, torment resistance, unbreathing
a: no special abilities


You were on level 7 of the Dungeon.
You visited 1 branch of the dungeon, and saw 7 of its levels.
You also visited: Sewer.

You collected 351 gold pieces.

Inventory:

Armour
 e - a +0 ring mail (worn)
 r - a +0 pair of boots (worn)
 s - the +1 chain mail of Birdsong {*Drain Int+4 Dex+3, unknown}
   (You found it on level 6 of the Dungeon)

   It affects your intelligence (+4).
   It affects your dexterity (+3).
   It causes draining when unequipped.
Wands
 a - a wand of digging (5)
 g - a wand of iceblast (9)
 n - a wand of disintegration (15)
 o - a wand of random effects (26)
 t - a wand of paralysis (7)
Scrolls
 c - a scroll of noise {unknown}
 d - 6 scrolls of teleportation
 f - 4 scrolls of magic mapping
 i - 2 scrolls of enchant weapon
 k - 2 scrolls of identify
 l - 2 scrolls of remove curse
 m - a scroll of fear
 p - 2 scrolls of summoning {unknown}
Potions
 b - 3 potions of cancellation
 j - 2 potions of magic
 q - 4 potions of curing
 v - a potion of ambrosia {unknown}


   Skills:
 + Level 7.5 Fighting
 + Level 5.3 Armour
 + Level 6.2 Dodging
 - Level 5.0 Stealth
 + Level 7.5 Unarmed Combat


You had 8 spell levels left.
You didn't know any spells.
Your spell library was empty.

Dungeon Overview and Level Annotations

Branches:
Dungeon (7/15)              Sewer (visited)
 Temple: D:4-7

Altars:
Elyvilon
Fedhas
Gozag
Hepliaklqana
Kikubaaqudgha
Nemelex Xobeh
Qazlal
Ru
Uskayaw
Vehumet
Wu Jian

Shops:
D:4 *


Innate Abilities, Weirdness & Mutations

You thrive by killing the living.
You are immune to poison.
You have sharp fingernails.
Your flesh is cold resistant. (rC+)
You are immune to negative energy. (rN+++)
You do not regenerate when monsters are visible.
You are immune to unholy pain and torment.
You can survive without breathing.


Message History

Your claw misses the acid dragon.
The acid dragon is lightly wounded.
You feel much better.
The sentinel's mark upon you fades away.
The acid dragon bites you.
* * * LOW HITPOINT WARNING * * *
The acid dragon closely misses you.
A centaur comes into view. It is wielding a +0 dagger.
You feel better. The acid dragon misses you.
The acid dragon closely misses you.
The orc wizard begins to cast a cantrip, but forgets the words!
You feel very mighty all of a sudden. The acid dragon closely misses you.
The acid dragon claws you.
You scratch the acid dragon but do no damage.
The acid dragon is lightly wounded.
The acid dragon spits acid at you. The splash of acid hits you!
* * * LOW HITPOINT WARNING * * *
The acid corrodes you!
You are splashed with acid!
You die...

#. #.#.....#####....###..
#.###.#......††...#....†..
#.....>.....#####....####.
###.....)....#######.#.####.
...........c....o.##........
###.##.###oo####.o....#.###
#.# #BOZ..o........... #.#
#D############.###
#.##.###@# #.#
#........############.#
####................>.#
####################


You could see an acid dragon (catching breath), an ogre, a centaur, a worker
ant, an orc wizard and an orc.

Vanquished Creatures
  Pikel (D:4)
  A water moccasin (D:7)
  3 ice beasts
  A phantom (D:5)
  A necrophage (D:7)
  An ogre (D:4)
  A lemure (D:4)
  8 big kobolds (Sewer)
  2 bullfrogs
  4 killer bees
  2 bullfrog zombies (D:5)
  A jelly (D:6)
  A bullfrog skeleton (D:6)
  2 orc priests
  3 orc wizards
  A centaur skeleton (D:6)
  Ijyb (D:3)
  An iguana (D:6)
  2 worker ants
  A hound zombie (D:6)
  A howler monkey skeleton (D:5)
  4 river rats (Sewer)
  8 adders
  3 shadow imps
  6 oozes
  An adder zombie (D:6)
  4 worms
  3 dart slugs (D:1)
  4 leopard geckos
  15 orcs
  6 ball pythons
  7 giant cockroaches
  6 hobgoblins
  3 jackals (D:1)
  4 quokkas
  6 bats
  5 frilled lizards
  3 goblins
  9 kobolds
  A leopard gecko skeleton (D:6)
  11 rats
148 creatures vanquished.

Vanquished Creatures (others)
  An ooze (D:3)
  A leopard gecko (D:3)
  7 plants (D:7)
9 creatures vanquished.

Grand Total: 157 creatures vanquished

Notes
Turn   | Place    | Note
-------+----------+-------------------------------------------
     0 | D:1      | Borgoz the Ghoul Monk began the quest for the Orb.
     0 | D:1      | Reached XP level 1. HP: 19/19 MP: 0/0
    50 | D:1      | Reached XP level 2. HP: 12/26 MP: 1/1
   435 | D:1      | Reached XP level 3. HP: 20/31 MP: 2/2
  1008 | D:2      | Found a white marble altar of Elyvilon.
  1043 | D:2      | Reached skill level 1 in Armour
  1514 | D:2      | HP: 1/33 [worm (11)]
  2409 | D:3      | Reached XP level 4. HP: 40/40 MP: 3/3
  2778 | D:3      | Noticed Ijyb
  2802 | D:3      | Killed Ijyb
  2897 | D:3      | Found a radiant altar of Vehumet.
  2923 | D:3      | Reached XP level 5. HP: 24/46 MP: 4/4
  3087 | D:3      | Noticed an ice beast
  3114 | D:3      | Killed an ice beast
  3328 | D:3      | Reached XP level 6. HP: 24/53 MP: 5/5
  3718 | D:3      | Found a faded altar of an unknown god.
  3788 | D:3      | Found a hazy altar of Hepliaklqana.
  3896 | D:4      | Found Kerurruq's General Store.
  4007 | D:4      | Found a glowing drain.
  4025 | Sewer    | Entered a sewer
  4398 | Sewer    | Reached XP level 7. HP: 44/60 MP: 6/6
  4573 | Sewer    | Reached skill level 5 in Unarmed Combat
  4653 | Sewer    | Reached skill level 5 in Fighting
  5039 | Sewer    | Reached skill level 5 in Stealth
  5089 | Sewer    | Reached XP level 8. HP: 53/69 MP: 7/7
  5706 | D:4      | Noticed Pikel
  5728 | D:4      | Killed Pikel
  5729 | D:4      | Reached skill level 5 in Dodging
  6243 | D:5      | Entered Level 5 of the Dungeon
  6412 | D:5      | Reached XP level 9. HP: 78/78 MP: 8/8
  6739 | D:5      | Found a sparkling altar of Nemelex Xobeh.
  7241 | D:6      | Found an ornate altar of the Wu Jian Council.
  7243 | D:6      | Got a scorched chain mail
  7252 | D:6      | Reached skill level 5 in Armour
  7654 | D:6      | Found a blossoming altar of Fedhas.
  7659 | D:6      | Found a hide-covered altar of Uskayaw.
  7664 | D:6      | Found a sacrificial altar of Ru.
  7688 | D:6      | Found a stormy altar of Qazlal.
  7690 | D:6      | Found an ancient bone altar of Kikubaaqudgha.
  7691 | D:6      | Found an opulent altar of Gozag.
  8142 | D:7      | HP: 3/79 [acid (16)]
  8147 | D:7      | Splashed by an acid dragon's acid

Illustrated notes

Levels and vault maps discovered:
D:1:      scummos_arrival_simple_crosswalls, layout_basic, minmay_pentomino_w4
D:2:      layout_loops_ring, elyvilon_altar_1
D:3:      layout_loops_ring, fiery_altar_vehumet, nzn_hepliaklqana_mist_gate,
          chequers_ecumenical_altar_simple, minivault_14, uniq_ijyb
D:4:      layout_loops_corners, portal_sewer_entry_d, serial_shops,
          nicolae_shop_statue_plus, uniq_pikel
D:5:      layout_rooms, nicolae_overflow_hidden_temple
D:6:      layout_cave_pools, grunt_temple_overflow_open
D:7:      layout_loops_ring, minmay_temple_entry_trees, chequers_big_river,
          minmay_manual_macuahuitl

Skill      XL: |  1  2  3  4  5  6  7  8  9 |
---------------+----------------------------+-----
Dodging        | 3 4 5 6 |  6.2
Armour         | 1 2 3 4 5 |  5.3
Stealth        | 3 4 5 |  5.0
Fighting       | 4 5 6 7 |  7.5
Unarmed Combat | 4 5 6 7 |  7.5

Action                   |  1- 3 |  4- 6 |  7- 9 || total
-------------------------+-------+-------+-------++-------
Melee: Unarmed           |   127 |   259 |   459 ||   845
       Punch             |     2 |       |     4 ||     6
  Use: Scroll            |       |    11 |     1 ||    12
       Potion            |       |     3 |     9 ||    12
 Stab: Sleeping          |     1 |     3 |     5 ||     9
Armor: Robe              |     8 |     3 |       ||    11
       Leather armour    |       |    50 |       ||    50
       Ring mail         |       |    36 |   129 ||   165
Dodge: Dodged            |    78 |   131 |   323 ||   532

Table legend: (Time is in decaauts)
 A = Elapsed time spent in this place.
 B = Non-inter-level travel time spent in this place.
 C = Inter-level travel time spent in this place.
 D = Time resting spent in this place.
 E = Time spent auto-exploring this place.
 F = Levels seen in this place.
 G = Mean time per level.
                   A        B        C        D        E       F      G
               +--------+--------+--------+--------+--------+-----+--------+
         Total |   8210 |   8023 |    187 |   2257 |   4319 |   8 | 1026.2 |
       Dungeon |   6604 |   6417 |    187 |   1957 |   3395 |   7 |  943.4 |
         Sewer |   1606 |   1606 |      0 |    300 |    924 |   1 | 1606.0 |
               +--------+--------+--------+--------+--------+-----+--------+

Top non-repeatable levels by time:
     D:3: 1842 daAuts
   Sewer: 1606 daAuts
     D:2: 1066 daAuts
     D:1: 965 daAuts
     D:4: 848 daAuts
     D:5: 821 daAuts
     D:6: 785 daAuts
     D:7: 275 daAuts
